 Dungeon Crawl Stone Soup version 0.30.1-11-g7821555f0a (webtiles) character file.

Game seed: 3037263161816375533

119 Arctor the Trooper (level 5, -1/42 HPs)
             Began as a Human Fighter on Jan 13, 2024.
             Slain by a hobgoblin (6 damage)
             ... led by Robin
             ... on level 3 of the Dungeon.
             The game lasted 00:02:04 (1749 turns).

Arctor the Trooper (Human Fighter)                  Turns: 1749, Time: 00:02:04

Health: -1/42      AC:  8    Str: 18    XL:     5   Next: 24%
Magic:  5/5        EV:  9    Int:  8    God:
Gold:   84         SH:  5    Dex: 13    Spells: 4/4 levels left

rFire   . . .        a - +0 war axe
rCold   . . .        c - +0 buckler
rNeg    . . .        b - +0 scale mail
rPois   .            (no helmet)
rElec   .            j - +0 cloak
rCorr   .            (no gloves)
SInv    .            (no boots)
Will    .....        (no amulet) Stlth
                     (no ring)
HPRegen 0.27/turn    (no ring)
MPRegen 0.09/turn

%: no passive effects
@: brilliant, hasted, very quick
A: no striking features
a: no special abilities


You were on level 3 of the Dungeon.
You visited 1 branch of the dungeon, and saw 3 of its levels.

You collected 84 gold pieces.

Inventory:

Hand Weapons
 a - a +0 war axe (weapon)
Armour
 b - a +0 scale mail (worn)
 c - a +0 buckler (worn)
 j - a +0 cloak (worn)
Jewellery
 l - a ring of poison resistance
 o - a ring of wizardry
Scrolls
 e - a scroll of blinking {unknown}
 f - a scroll of fear {unknown}
 i - a scroll of magic mapping {unknown}
 n - a scroll of torment {unknown}
 p - a scroll of acquirement {unknown}
 q - a scroll of immolation {unknown}
Potions
 d - 2 potions of might
 g - a potion of brilliance
 k - 3 potions of heal wounds {unknown}
 m - a potion of lignification {unknown}
 r - a potion of invisibility {unknown}


   Skills:
 + Level 3.8 Fighting
 + Level 3.0 Axes
 + Level 3.7 Armour
 + Level 3.7 Shields


You had 4 spell levels left.
You didn't know any spells.
Your spell library contained the following spells:

 Spells                   Type           Power      Damage    Failure   Level
 Ensorcelled Hibernation  Hex/Ice        0%         N/A       95%         2
 Passwall                 Tmut/Erth      0%         N/A       95%         2
 Swiftness                Air            0%         N/A       99%         3


Dungeon Overview and Level Annotations

Branches:
Dungeon (3/15)

Altars:
Cheibriados

Annotations:
D:3 Robin


Message History

You kill the goblin!
You hit the goblin. You completely miss the goblin.
The goblin shoots a sling bullet.
The sling bullet barely misses you.
The sling bullet misses the hobgoblin.
The goblin hits you with a +0 club.
The hobgoblin hits you but does no damage.
The goblin hits you but does no damage. Robin throws the goblin at you!
The goblin unwields a +0 sling.
The goblin wields a +0 club.
The goblin hits you but does no damage.
There are monsters nearby!
You are too injured to fight recklessly!
Unknown command.
There are monsters nearby!
You are too injured to fight recklessly!
Unknown command.
There are monsters nearby!
Unknown command.
It was a potion of brilliance.
You feel clever all of a sudden. The goblin closely misses you.
The hobgoblin hits you but does no damage.
The goblin hits you but does no damage. The goblin hits you with a +0 club.
It was a potion of haste.
You feel yourself speed up. The goblin hits you with a +0 club.
You block the rat's attack. The hobgoblin closely misses you.
The goblin closely misses you. Robin barely misses you.
The goblin hits you with a +0 club.
* * * LOW HITPOINT WARNING * * *
You slash the goblin!
You kill the goblin!
You slash the goblin!
You kill the goblin!
You hit the rat. You hit Robin but do no damage. You closely miss the goblin.
You closely miss the hobgoblin. The hobgoblin hits you.
* * * LOW HITPOINT WARNING * * *
The goblin hits you but does no damage. The rat barely misses you.
Robin completely misses you.
You closely miss Robin. You slash the goblin!
You kill the goblin!
You hit the hobgoblin but do no damage. You barely miss the rat.
The hobgoblin hits you.
You die...

#....... .#
###......###..
#.........##.#
##.#.......##.# #.#
<(.........##.# #.#
#.##!##.##.# #.#
#.#....#.#.# #.#
#))...###..# #.#
#@g..## ##.# #.#
#.rg)...#.#.#####.##
#..##....#..........
....
##..#.#######.##
..... #..#.........#
..##... ...#
######### . #.#. #.#
....


You could see Robin, a hobgoblin (strong) and a rat.

Vanquished Creatures
  An adder (D:3)
  4 gnolls (D:2)
  3 dart slugs
  An orc (D:3)
  7 ball pythons
  4 endoplasms
  13 goblins
  5 hobgoblins
  5 jackals (D:1)
  6 kobolds
  4 quokkas
  2 bats
  A frilled lizard (D:2)
  4 rats
60 creatures vanquished.

Notes
Turn   | Place    | Note
-------+----------+-------------------------------------------
     0 | D:1      | Arctor the Human Fighter began the quest for the Orb.
     0 | D:1      | Reached XP level 1. HP: 18/18 MP: 1/1
   253 | D:1      | Reached XP level 2. HP: 24/24 MP: 2/2
   467 | D:1      | Reached XP level 3. HP: 28/29 MP: 3/3
   908 | D:2      | Found a snail-covered altar of Cheibriados.
  1038 | D:2      | Reached XP level 4. HP: 35/35 MP: 4/4
  1570 | D:3      | Reached XP level 5. HP: 9/42 MP: 5/5
  1737 | D:3      | Noticed Robin
  1749 | D:3      | Slain by a hobgoblin

Illustrated notes

Levels and vault maps discovered:
D:1:      dpeg_arrival_morbid_curiosity, layout_basic
D:2:      layout_basic, basic_altar
D:3:      layout_loops_ring, minmay_misc_feat_tiny, kennysheep_generic_room_15,
          uniq_robin, uniq_grinder, uniq_jessica

Skill      XL: |  1  2  3  4 |
---------------+-------------+-----
Axes           | 3 |  3.0
Fighting       | |  3.8
Armour         | |  3.7
Shields        | |  3.7

Action                     |  1- 3 |  4- 6 || total
---------------------------+-------+-------++-------
  Melee: War axe           |    91 |    62 ||   153
    Use: Potion            |       |     2 ||     2
 Armour: Scale mail        |    43 |    46 ||    89
  Dodge: Dodged            |    43 |    45 ||    88
  Block: Buckler           |    27 |    13 ||    40
